 Dungeon Crawl Stone Soup version 0.21-a0-352-g5b8f553 (webtiles) character file.

2 Dfrag the Firebug (level 1, 0/13 HPs)
             Began as a Demonspawn Fire Elementalist on Oct 11, 2017.
             Slain by a hobgoblin
             ... wielding a +0 club
              (4 damage)
             ... on level 1 of the Dungeon.
             The game lasted 00:00:11 (80 turns).

Dfrag the Firebug (Demonspawn Fire Elementalist)      Turns: 80, Time: 00:00:11

Health: 0/13       AC:  2    Str:  8    XL:     1   Next: 33%
Magic:  1/3        EV: 12    Int: 16    God:
Gold:   0          SH:  0    Dex: 13    Spells: 3/4 levels left

rFire    . . .     SeeInvis .   (no weapon)
rCold    . . .     Gourm    .   (no shield)
rNeg     . . .     Faith    .   a - +0 robe
rPois    .         Spirit   .   (no helmet)
rElec    .         Reflect  .   (no cloak)
rCorr    .         Harm     .   (no gloves)
MR       .....                  (no boots)
Stlth    ++........             (no amulet)
HPRegen  0.04/turn              (no ring)
MPRegen  0.08/turn              (no ring)

@: no status effects
A: no striking features
a: no special abilities


You were on level 1 of the Dungeon.
You were not hungry.

You visited 1 branch of the dungeon, and saw 1 of its levels.

Inventory:

Armour
 a - a +0 robe (worn)
Scrolls
 d - a scroll of teleportation {unknown}
Books
 b - a book of Flames

   Spells                             Type                      Level
   a - Flame Tongue                   Conjuration/Fire             1
   b - Throw Flame                    Conjuration/Fire             2
   c - Conjure Flame                  Conjuration/Fire             3
   d - Inner Flame                    Hexes/Fire                   3
   e - Sticky Flame                   Conjuration/Fire             4
   f - Fireball                       Conjuration/Fire             5
Comestibles
 c - a bread ration


   Skills:
 - Level 1.7 Dodging
 - Level 1.7 Stealth
 + Level 2.0 Spellcasting
 + Level 1.1 Conjurations
 + Level 2.7 Fire Magic


You had 3 spell levels left.
You knew the following spells:

 Your Spells              Type           Power        Failure   Level  Hunger
a - Flame Tongue          Conj/Fire      #....        10%         1    #......


Dungeon Overview and Level Annotations

Branches:
Dungeon (1/15)

Altars:


Message History

Casting: Flame Tongue
Confirm with . or Enter, or press ? or * to list all spells.
Aiming: Flame Tongue
Press: ? - help, Shift-Dir - straight line, f - hobgoblin
Aim: a hobgoblin, wielding a club The flame tongue hits the hobgoblin.
The hobgoblin is almost dead.
The hobgoblin completely misses you.
Unknown command.
The kobold throws a stone.
The stone hits you.
You see here a stone.
You see here a bat corpse.
The hobgoblin misses you.
You closely miss the hobgoblin.
The hobgoblin is almost dead.
The hobgoblin hits you with a club.
You barely miss the hobgoblin.
The hobgoblin is almost dead.
The hobgoblin hits you with a club.
You die...

########## #... ....#
... ..#.# # #># #.#.#
g#..####.# #.#.########
......g..####.#.##......
#..###......#.>.....# #
#.#####.######.# # #.
#@# #.# #.# .#. #g# #.#
#.# .# ...###l# #.# #.#
..?.#.#.#K#.#...# #.#
...K..l.....>.### #.#
...#.#.#.#.#.# #.#
#..........# #.###
##.#.#.#.### #....
#.........# #.###


You could see a hobgoblin, a goblin (wandering), a kobold and a frilled lizard.

Vanquished Creatures
  A bat (D:1)
  A kobold (D:1)
2 creatures vanquished.

Notes
Turn   | Place    | Note
-------+----------+-------------------------------------------
     0 | D:1      | Dfrag the Demonspawn Fire Elementalist began the quest for the Orb.
     0 | D:1      | Reached XP level 1. HP: 13/13 MP: 3/3
     2 | D:1      | Noticed a halfling
     5 | D:1      | Noticed a gargoyle
     7 | D:1      | Noticed a vampire
     7 | D:1      | Noticed a human
     9 | D:1      | Noticed a minotaur
     9 | D:1      | Noticed an octopode
    11 | D:1      | Noticed an elf
    11 | D:1      | Noticed a troll
    13 | D:1      | Noticed a demigod
    13 | D:1      | Noticed a vine stalker
    15 | D:1      | Noticed an ogre
    15 | D:1      | Noticed a merfolk
    17 | D:1      | Noticed a ghoul
    19 | D:1      | Noticed a draconian
    19 | D:1      | Noticed a formicid
    21 | D:1      | Noticed a spriggan
    23 | D:1      | Noticed a felid
    23 | D:1      | Noticed a demonspawn
    25 | D:1      | Noticed a tengu
    25 | D:1      | Noticed a naga
    27 | D:1      | Noticed a dwarf
    27 | D:1      | Noticed a centaur
    80 | D:1      | Slain by a hobgoblin

Vault maps used:
D:1:      kb_arrival_jail, st_stairs_9

Action                   || total
-------------------------++-------
Melee: Unarmed           ||     2
 Cast: Flame Tongue      ||     4
Dodge: Dodged            ||     3

Table legend:
 A = Spawn XP
 B = Non-spawn XP
 C = Spawn XP percentage of total XP
 D = Spawn monster count
 E = Non-spawn monster count
 F = Spawn count percentage of total count
 G = Total turns spent on level
                    A         B        C        D         E        F      G
               +---------+---------+-------+---------+---------+-------+---------
         Total |       0 |       4 |   0.0 |       0 |       2 |   0.0 |    80
               +---------+---------+-------+---------+---------+-------+---------
           D:1 |       0 |       4 |   0.0 |       0 |       2 |   0.0 |    80
               +---------+---------+-------+---------+---------+-------+---------
